[Event "January 9 Late 2024"]
[Site "https://www.chess.com"]
[Date "2024.01.09"]
[Round "3"]
[White "Domalchuk-Jonasson, Aleksandr"]
[Black "Cilek, Bora"]
[Result "1/2-1/2"]
[Board "122"]
[TimeControl "180+1"]
[WhiteFideId "14142805"]
[BlackFideId "34502165"]
[WhiteElo "2621"]
[BlackElo "2454"]
[WhiteTeam "ISL"]
[BlackTeam "TUR"]
[WhiteClock "0:00:14"]
[BlackClock "0:00:12"]

1. f4 g6 2. e4 Bg7 3. d4 d5 4. e5 h5 5. Bd3 c5 6. c3 Nc6 7. Be3 cxd4 8. cxd4 Bf5 9. Bxf5 gxf5 10. Nf3 e6 11. Nc3 Nge7 12. Kf2 Qb6 13. Na4 Qb5 14. Rc1 Ng6 15. Rc5 Qa6 16. a3 Bf8 17. Rc1 Be7 18. b4 Qb5 19. Nc3 Qb6 20. Qa4 O-O 21. Qd1 Rac8 22. Nd2 h4 23. g3 hxg3+ 24. hxg3 Kg7 25. Nb3 Rh8 26. Kg2 Rxh1 27. Qxh1 Nxb4 28. axb4 Qxb4 29. Nc5 Bxc5 30. dxc5 d4 31. Bf2 dxc3 32. Qe1 a5 33. Qxc3 Qe4+ 34. Qf3 Ne7 35. Qxe4 fxe4 36. Rb1 Nd5 37. Bd4 Nb4 38. Kf2 Rd8 39. Bc3 Nd3+ 40. Ke3 Nxc5 41. Bd4 Rd5 42. Rb5 Nd3 43. Rxb7 Nb4 44. Kxe4 Nc6 45. Bb2 a4 46. f5 Ra5 47. Rc7 a3 48. Bxa3 Rxa3 49. Rxc6 Ra4+ 50. Kf3 exf5 51. Rf6 Ra3+ 52. Kf4 Ra4+ 53. Kxf5 Ra3 54. Kf4 Ra4+ 55. Kf5 Ra3 56. Kg4 Ra4+ 57. Rf4 Ra5 58. Re4 Kg6 59. Kf4 Rd5 60. Ra4 Rd1 61. Ra6+ Kg7 62. Ra7 Rf1+ 63. Kg5 Re1 64. Kf5 Rf1+ 65. Kg4 Re1 66. Kf4 Rf1+ 67. Ke4 Re1+ 68. Kd4 Kg6 69. Ra6+ Kg7 70. Ra3 Kg6 71. Rf3 Ra1 72. Rf6+ Kg7 73. Ke4 Ra4+ 74. Kf5 1/2-1/2

[Event "January 9 Late 2024"]
[Site "https://www.chess.com"]
[Date "2024.01.09"]
[Round "3"]
[White "Li, Tedric"]
[Black "Onufrienko, Vladislav"]
[Result "1-0"]
[Board "123"]
[TimeControl "180+1"]
[WhiteFideId "3242897"]
[BlackFideId "13804332"]
[WhiteElo "2454"]
[BlackElo "2620"]
[WhiteTeam "AUS"]
[BlackTeam "KGZ"]
[WhiteClock "0:00:59"]
[BlackClock "0:00:46"]

1. d4 d5 2. c4 c6 3. Nf3 e6 4. e3 f5 5. Nc3 Nf6 6. Ne5 Bd6 7. f4 O-O 8. Be2 b6 9. O-O Bb7 10. b3 Nbd7 11. Bb2 Ne4 12. Nxe4 dxe4 13. Kh1 Nf6 14. g4 c5 15. gxf5 exf5 16. d5 Qe7 17. Bh5 Rac8 18. Rg1 Rc7 19. Qe2 Ba6 20. Rg2 Bb7 21. Rag1 a6 22. Bf7+ Rxf7 23. Nxf7 Qxf7 24. Rxg7+ Qxg7 25. Rxg7+ Kxg7 26. Qh5 h6 27. Qxf5 Rf7 28. Bxf6+ Rxf6 29. Qd7+ Rf7 30. Qxd6 Bc8 31. Qe5+ Kh7 32. Qxe4+ Bf5 33. Qe5 Bg4 34. Kg1 Rg7 35. Kf2 Bh3 36. Qe4+ Kh8 37. d6 b5 38. f5 Rf7 39. Qe8+ Kg7 40. e4 bxc4 41. bxc4 Kf6 42. d7 1-0

[Event "January 9 Late 2024"]
[Site "https://www.chess.com"]
[Date "2024.01.09"]
[Round "3"]
[White "Garrido Diaz, Jose Antonio"]
[Black "Martin Fuentes, Alberto"]
[Result "0-1"]
[Board "124"]
[TimeControl "180+1"]
[WhiteFideId "24516252"]
[BlackFideId "2292289"]
[WhiteElo "2453"]
[BlackElo "2619"]
[WhiteTeam "ESP"]
[BlackTeam "ESP"]
[WhiteClock "0:00:27"]
[BlackClock "0:00:14"]

1. Nf3 Nf6 2. g3 g6 3. Bg2 c5 4. c4 Nc6 5. Nc3 d6 6. O-O Bg7 7. a3 O-O 8. Rb1 Bd7 9. b4 Rb8 10. b5 Nd4 11. Nxd4 cxd4 12. Nd5 Nxd5 13. Bxd5 e6 14. Bg2 a6 15. a4 a5 16. Ba3 Bc8 17. c5 dxc5 18. Bxc5 Re8 19. Qc2 b6 20. Ba3 Bf8 21. Bxf8 Rxf8 22. Rfc1 e5 23. Qc7 Qxc7 24. Rxc7 Be6 25. d3 Rfc8 26. Rxc8+ Rxc8 27. Bc6 Kf8 28. e3 dxe3 29. fxe3 Ke7 30. Kf2 Kd6 31. d4 exd4 32. exd4 Bd5 33. Ke3 Bxc6 34. bxc6 Rxc6 35. Ke4 f5+ 36. Kd3 Kc7 37. Re1 Kd7 38. d5 Rc5 39. Kd4 Rc2 40. Rb1 Kc7 41. Re1 Rxh2 42. Re7+ Kd6 43. Re6+ Kd7 44. Rxb6 Ra2 45. Ke5 Re2+ 46. Kd4 Re4+ 47. Kc5 Rxa4 48. Rb7+ Ke8 49. Kd6 Rg4 50. Re7+ Kf8 51. Rxh7 Rxg3 52. Rh8+ Kf7 53. Ra8 Ra3 54. Ra7+ Kf6 55. Kd7 f4 56. d6 f3 57. Ke8 Re3+ 58. Kf8 Rd3 59. Rf7+ Ke5 60. d7 g5 61. Ke8 g4 62. Re7+ Kf4 63. Rf7+ Kg3 64. Re7 f2 0-1

[Event "January 9 Late 2024"]
[Site "https://www.chess.com"]
[Date "2024.01.09"]
[Round "3"]
[White "Joie, Sebastien"]
[Black "Al-Tarboush, Ward"]
[Result "0-1"]
[Board "125"]
[TimeControl "180+1"]
[WhiteFideId "650420"]
[BlackFideId "7601450"]
[WhiteElo "2450"]
[BlackElo "2615"]
[WhiteTeam "FRA"]
[BlackTeam "NOR"]
[WhiteClock "0:00:00"]
[BlackClock "0:00:38"]

1. d4 Nf6 2. c4 b6 3. Nc3 Bb7 4. d5 e6 5. e4 Bd6 6. Bd3 Be5 7. Nge2 a5 8. O-O Na6 9. f4 Bxc3 10. Nxc3 exd5 11. exd5 O-O 12. Be3 Nc5 13. Bc2 d6 14. a3 Re8 15. Bd4 Ba6 16. b4 Bxc4 17. bxc5 bxc5 18. Rf3 cxd4 19. Qxd4 Ba6 20. Rh3 h6 21. Ba4 Rf8 22. Re1 Rb8 23. Rg3 Kh8 24. Ree3 Rb2 25. h3 Nh5 26. Rgf3 Qf6 27. Qa7 Nxf4 28. Qxa6 Rxg2+ 29. Kh1 Qg5 30. Qf1 Rb8 31. Rxf4 Rbb2 32. Ne2 Rgxe2 33. Rxe2 Rxe2 34. Qxe2 Qxf4 35. Bc6 Qc1+ 36. Kg2 Qf4 37. Qe8+ Kh7 38. Bb5 Qd2+ 39. Qe2 Qxd5+ 40. Kh2 g6 0-1

[Event "January 9 Late 2024"]
[Site "https://www.chess.com"]
[Date "2024.01.10"]
[Round "3"]
[White "Hejazipour, Mitra"]
[Black "Stremavicius, Titas"]
[Result "0-1"]
[Board "126"]
[TimeControl "180+1"]
[WhiteFideId "12505951"]
[BlackFideId "12804444"]
[WhiteElo "2450"]
[BlackElo "2615"]
[WhiteTeam "FRA"]
[BlackTeam "LTU"]
[WhiteClock "0:00:06"]
[BlackClock "0:00:28"]

1. d4 f5 2. Nf3 Nf6 3. c4 e6 4. Nc3 Bb4 5. Bd2 b6 6. a3 Bxc3 7. Bxc3 Ne4 8. Rc1 O-O 9. g3 Bb7 10. Bg2 d6 11. O-O Nxc3 12. Rxc3 Nd7 13. b4 Qf6 14. Nh4 Bxg2 15. Nxg2 a5 16. Qc2 axb4 17. axb4 Qxd4 18. Nf4 Qf6 19. Re3 Rfe8 20. Rd1 Ne5 21. c5 Ng4 22. Rc3 bxc5 23. bxc5 d5 24. c6 g5 25. Nd3 Qh6 26. h4 gxh4 27. Kg2 hxg3 28. Rh1 Qg5 29. f4 Qg7 30. Nc5 Ra2 31. Qxa2 Qxc3 32. Nd3 Ne3+ 33. Kxg3 Qg7+ 34. Kf3 d4 35. Ne1 Qg4+ 36. Kf2 Qxf4+ 37. Nf3 Ng4+ 38. Ke1 d3 39. Qd2 Qg3+ 40. Kd1 Nf2+ 41. Kc1 Nxh1 42. Qxd3 Qf4+ 43. Kc2 Qe4 44. Qxe4 fxe4 45. Ne5 h5 46. Kc3 h4 47. Kd4 h3 48. Kxe4 h2 49. Ng4 Ng3+ 50. Kf4 h1=Q 0-1

[Event "January 9 Late 2024"]
[Site "https://www.chess.com"]
[Date "2024.01.09"]
[Round "3"]
[White "Mazurkiewicz, Michal"]
[Black "Korchynskyi, Mykola"]
[Result "0-1"]
[Board "127"]
[TimeControl "180+1"]
[WhiteFideId "1124943"]
[BlackFideId "34138005"]
[WhiteElo "2450"]
[BlackElo "2614"]
[WhiteTeam "POL"]
[BlackTeam "UKR"]
[WhiteClock "0:00:17"]
[BlackClock "0:00:39"]

1. e4 e6 2. d3 d5 3. Nd2 Nf6 4. Ngf3 Be7 5. g3 dxe4 6. dxe4 Nc6 7. Bg2 e5 8. O-O O-O 9. Qe2 Bg4 10. c3 Qc8 11. Nc4 Bd6 12. Nxd6 cxd6 13. Rd1 Rd8 14. Bg5 Qe6 15. Rd2 Ne7 16. Rad1 Rd7 17. h3 Bh5 18. g4 Bg6 19. Nh4 h6 20. Bxf6 Qxf6 21. Nf5 Bxf5 22. exf5 Rad8 23. Qe3 d5 24. Qxa7 d4 25. f4 d3 26. Qe3 exf4 27. Qxf4 Ng6 28. Qe3 Ne5 29. Be4 Nc4 30. Qf3 Nxd2 31. Rxd2 Re7 32. c4 Qd4+ 0-1

[Event "January 9 Late 2024"]
[Site "https://www.chess.com"]
[Date "2024.01.09"]
[Round "3"]
[White "Bold, Andre"]
[Black "Kraiouchkine, Nikita"]
[Result "0-1"]
[Board "128"]
[TimeControl "180+1"]
[WhiteFideId "16208471"]
[BlackFideId "2607140"]
[WhiteElo "2449"]
[BlackElo "2613"]
[WhiteTeam "GER"]
[BlackTeam "CAN"]
[WhiteClock "0:00:02"]
[BlackClock "0:00:04"]

1. d4 d5 2. Nf3 Nf6 3. c3 c6 4. Bf4 Bg4 5. Qb3 Qb6 6. Ne5 Bf5 7. Nd2 Nbd7 8. e3 e6 9. a4 Qxb3 10. Nxb3 a5 11. f3 Nxe5 12. Bxe5 Nd7 13. Bc7 b6 14. g4 Bg6 15. h4 h6 16. Nc1 Be7 17. Bd3 Bxd3 18. Nxd3 f6 19. Ke2 Kf7 20. Rag1 Rhc8 21. Bg3 c5 22. Be1 c4 23. Nf4 b5 24. axb5 Rcb8 25. Bd2 Rxb5 26. Bc1 Nb6 27. Kd1 Rb3 28. Nh5 a4 29. g5 hxg5 30. hxg5 fxg5 31. f4 a3 32. bxa3 Rxc3 33. fxg5 Bxa3 34. g6+ Ke7 35. Bd2 Rb3 36. Nxg7 c3 37. Nxe6 Kxe6 38. g7 Rg8 39. Bc1 Rb1 40. Kc2 Rxc1+ 41. Rxc1 Bxc1 42. Rh6+ Ke7 43. Rxb6 Bxe3 44. Kd3 c2 45. Kxc2 Bxd4 46. Kd3 Bxb6 0-1

[Event "January 9 Late 2024"]
[Site "https://www.chess.com"]
[Date "2024.01.09"]
[Round "3"]
[White "Poltorak, Sebastian"]
[Black "Boraso, Alessio"]
[Result "1-0"]
[Board "129"]
[TimeControl "180+1"]
[WhiteFideId "1199498"]
[BlackFideId "848077"]
[WhiteElo "2613"]
[BlackElo "2449"]
[WhiteTeam "POL"]
[BlackTeam "ITA"]
[WhiteClock "0:00:55"]
[BlackClock "0:00:46"]

1. d4 d6 2. c4 Nf6 3. Nc3 g6 4. e4 Bg7 5. f3 O-O 6. Nge2 c5 7. Be3 Nc6 8. Qd2 Qa5 9. Rd1 e5 10. dxc5 dxc5 11. Nd5 Qxd2+ 12. Rxd2 Nxd5 13. cxd5 Nd4 14. Nc3 Bd7 15. Bd3 b5 16. Bxd4 exd4 17. Nxb5 Bxb5 18. Bxb5 Bh6 19. Rc2 Rab8 20. Rxc5 a6 21. Bxa6 Rxb2 22. O-O d3 23. Kh1 d2 24. a4 f5 25. e5 Rfb8 26. Bb5 Be3 27. Rc4 R8xb5 28. axb5 Rxb5 29. d6 Kf7 30. Rc7+ Kf8 31. e6 Rd5 32. Rc8+ Kg7 33. Rd1 Rxd6 34. e7 Re6 35. e8=Q 1-0

[Event "January 9 Late 2024"]
[Site "https://www.chess.com"]
[Date "2024.01.09"]
[Round "3"]
[White "Ferreira, Vitor Hugo Vieira"]
[Black "Bjelobrk, Igor"]
[Result "0-1"]
[Board "130"]
[TimeControl "180+1"]
[WhiteFideId "2119765"]
[BlackFideId "4300726"]
[WhiteElo "2548"]
[BlackElo "2611"]
[WhiteTeam "BRA"]
[BlackTeam "AUS"]
[WhiteClock "0:00:54"]
[BlackClock "0:00:44"]

1. d4 e6 2. c4 b6 3. a3 Bb7 4. Nc3 f5 5. Nf3 Nf6 6. g3 g6 7. Bg2 Bg7 8. O-O O-O 9. d5 Na6 10. Nd4 Nc5 11. d6 cxd6 12. Ndb5 Bxg2 13. Kxg2 Ne8 14. Nxd6 Nxd6 15. Qxd6 Bxc3 16. bxc3 Qb8 17. Qd4 Qb7+ 18. f3 Rac8 19. Rb1 Rf7 20. h4 h5 21. Be3 Qc6 22. Qf4 d6 23. Qg5 Rg7 24. g4 hxg4 25. Bd4 e5 26. Be3 Ne6 27. Qf6 Qxc4 28. Bh6 Rf8 29. Bxg7 Rxf6 30. Bxf6 Qxe2+ 31. Rf2 gxf3+ 32. Kg1 Qe4 33. Rbf1 Qg4+ 34. Kh2 e4 35. Rg1 Qf4+ 36. Kh3 Kf7 37. Bd4 Nxd4 38. cxd4 e3 0-1

[Event "January 9 Late 2024"]
[Site "https://www.chess.com"]
[Date "2024.01.09"]
[Round "3"]
[White "Erdogan, Anil Berk"]
[Black "Sliwicki, Damian"]
[Result "0-1"]
[Board "131"]
[TimeControl "180+1"]
[WhiteFideId "6348173"]
[BlackFideId "1127128"]
[WhiteElo "2608"]
[BlackElo "2444"]
[WhiteTeam "TUR"]
[BlackTeam "POL"]
[WhiteClock "0:00:09"]
[BlackClock "0:00:12"]

1. e4 c5 2. Nf3 g6 3. d4 cxd4 4. Qxd4 Nf6 5. e5 Nc6 6. Qa4 Nd5 7. Qb3 Nb6 8. Nc3 Bg7 9. Bf4 O-O 10. O-O-O Qc7 11. Nb5 Qb8 12. Qe3 e6 13. c4 d5 14. exd6 Bd7 15. Nc7 Qc8 16. Bh6 Rb8 17. Bxg7 Kxg7 18. h4 h5 19. Kb1 Na8 20. Nxa8 Rxa8 21. Ne5 Nxe5 22. Qxe5+ f6 23. Qg3 Qc5 24. Bd3 f5 25. Rhe1 Rae8 26. Qe5+ Qxe5 27. Rxe5 Kf6 28. f4 Rc8 29. Rc1 Rc6 30. c5 a6 31. b4 Rb8 32. Rce1 b6 33. Bc4 bxc5 34. Bxe6 Rxb4+ 35. Kc2 Rxd6 36. Bxd7 Rxd7 37. Rxc5 Rxf4 38. Rc6+ Kf7 39. Rxa6 Rf2+ 40. Kc3 Rxg2 41. Ree6 f4 42. Rf6+ Kg7 43. Rxf4 Rc7+ 44. Rc4 Rc2+ 45. Kxc2 Rxc4+ 46. Kb3 Rxh4 47. Re6 Rh1 48. a4 Ra1 49. Re2 h4 50. Rg2 Kf6 51. Rg4 g5 52. Kb2 Rd1 53. a5 Kf5 54. Ra4 Rd8 55. a6 h3 56. a7 h2 57. Ra1 g4 58. Kc3 g3 59. a8=Q Rxa8 60. Rxa8 h1=Q 61. Rf8+ Kg4 62. Rg8+ Kf3 63. Rf8+ Kg2 64. Rd8 Qf1 65. Kb4 Qf3 66. Ka5 Qf2 67. Ka6 Qe2+ 68. Ka7 Qe7+ 69. Rd7 Qxd7+ 70. Kb8 Qg7 0-1

[Event "January 9 Late 2024"]
[Site "https://www.chess.com"]
[Date "2024.01.09"]
[Round "3"]
[White "Blanco Diez, David"]
[Black "Zhu, Jiner"]
[Result "0-1"]
[Board "132"]
[TimeControl "180+1"]
[WhiteFideId "32032927"]
[BlackFideId "8608059"]
[WhiteElo "2440"]
[BlackElo "2608"]
[WhiteTeam "ESP"]
[BlackTeam "CHN"]
[WhiteClock "0:00:06"]
[BlackClock "0:01:32"]

1. e4 c5 2. c3 d5 3. exd5 Qxd5 4. d4 Nc6 5. Nf3 Nf6 6. Be3 cxd4 7. cxd4 e6 8. Nc3 Qd8 9. Bd3 Be7 10. a3 O-O 11. O-O b6 12. Bc2 Bb7 13. Qd3 Re8 14. Ne4 g6 15. Nxf6+ Bxf6 16. Rad1 Ne7 17. Bf4 Rc8 18. Bb3 Nd5 19. Be5 Qe7 20. Rfe1 Bxe5 21. Rxe5 Qf6 22. Rde1 Red8 23. Ng5 Nf4 24. Qg3 Rxd4 25. Nxe6 fxe6 26. Rxe6 Nxe6 27. Rxe6 Bd5 28. Bxd5 Rxd5 29. Re1 Rcd8 30. h3 Rd1 31. Qb3+ Kg7 32. Rxd1 Rxd1+ 33. Qxd1 Qxb2 34. Qd7+ Kh6 35. Qxa7 Qc1+ 36. Kh2 Qf4+ 37. g3 Qxf2+ 38. Kh1 Qxg3 39. Qxb6 Qxh3+ 40. Kg1 Qxa3 41. Qc6 Qg3+ 42. Kh1 Qh4+ 43. Kg2 Qg4+ 44. Kh1 Qf4 45. Qc5 Qh4+ 46. Kg2 Qg5+ 47. Qxg5+ Kxg5 48. Kg3 h5 49. Kh3 h4 50. Kg2 Kh5 51. Kh2 g5 52. Kg2 g4 53. Kh2 g3+ 54. Kh3 Kg5 55. Kg2 Kg4 56. Kh1 Kh3 57. Kg1 g2 58. Kf2 Kh2 59. Kf3 g1=Q 60. Ke4 Qf1 61. Kd5 Kg3 62. Kd6 h3 63. Kc6 h2 64. Kc7 h1=Q 65. Kd8 Qd5+ 0-1

[Event "January 9 Late 2024"]
[Site "https://www.chess.com"]
[Date "2024.01.09"]
[Round "3"]
[White "Estrada Nieto, Julian"]
[Black "Koziol, Kamil"]
[Result "1-0"]
[Board "133"]
[TimeControl "180+1"]
[WhiteFideId "5101018"]
[BlackFideId "1161555"]
[WhiteElo "2605"]
[BlackElo "2426"]
[WhiteTeam "ESP"]
[BlackTeam "POL"]
[WhiteClock "0:01:44"]
[BlackClock "0:00:48"]

1. e4 c5 2. Nf3 e6 3. c3 d5 4. exd5 exd5 5. d4 Nc6 6. Bb5 Nf6 7. O-O Be7 8. dxc5 Bxc5 9. Bg5 Be6 10. Nbd2 O-O 11. Nb3 Be7 12. Nbd4 Bd7 13. Re1 h6 14. Bh4 a6 15. Bd3 Bg4 16. Be2 Ne4 17. Bxe7 Qxe7 18. Nxc6 b6 19. Nxe7+ 1-0

[Event "January 9 Late 2024"]
[Site "https://www.chess.com"]
[Date "2024.01.09"]
[Round "3"]
[White "Figorito, Nick"]
[Black "Rodgers, Jack"]
[Result "1-0"]
[Board "134"]
[TimeControl "180+1"]
[WhiteFideId "30923689"]
[BlackFideId "3220885"]
[WhiteElo "2399"]
[BlackElo "2604"]
[WhiteTeam "USA"]
[BlackTeam "AUS"]
[WhiteClock "0:00:06"]
[BlackClock "0:00:00"]

1. Nf3 c5 2. g3 g6 3. Bg2 Bg7 4. O-O Nf6 5. c4 O-O 6. d4 cxd4 7. Nxd4 Nc6 8. Nc2 d6 9. Nc3 Be6 10. b3 Qd7 11. Bb2 Bh3 12. Ne3 Bxg2 13. Kxg2 Rac8 14. Qd2 a6 15. Ncd5 Nxd5 16. Nxd5 Qd8 17. Bxg7 Kxg7 18. a4 e6 19. Qb2+ f6 20. Nf4 Qe7 21. Rfd1 g5 22. Nd3 h5 23. Qa3 Rfd8 24. Nb4 Qc7 25. Nxc6 Qxc6+ 26. Kg1 h4 27. Rd3 h3 28. f3 b5 29. axb5 axb5 30. cxb5 Qxb5 31. Qa7+ Rd7 32. Qa4 Qxa4 33. bxa4 d5 34. g4 e5 35. a5 Kf7 36. a6 Ra8 37. Kf2 Ke6 38. Kg3 Rh7 39. e3 Raa7 40. Ra5 Rad7 41. Ra4 f5 42. gxf5+ Kxf5 43. e4+ Kf6 44. Rxd5 Rxd5 45. exd5 Ra7 46. Kxh3 Ke7 47. Kg4 Kd6 48. Ra5 Kc7 49. Kxg5 Kb6 50. Ra1 Ra8 51. a7 Kb7 52. Kf5 Rf8+ 53. Kxe5 Ka8 54. f4 Re8+ 55. Kd4 Re2 56. f5 Rd2+ 57. Ke5 Re2+ 58. Kd6 Rxh2 59. f6 Rf2 60. Ke7 Re2+ 61. Kf7 Rd2 62. Ra5 Rd1 63. Kg8 Rg1+ 64. Kf8 Rd1 65. f7 Rd2 66. Ke7 Re2+ 67. Kd7 Rf2 68. Ke8 Re2+ 69. Kf8 Rd2 70. Rc5 Kxa7 71. Rc7+ Kb6 72. Re7 Ra2 73. Ke8 Ra8+ 74. Kd7 Ra7+ 75. Ke6 Ra6 76. f8=Q Kc5+ 77. Kf7 Kxd5 78. Rd7+ Kc4 79. Qc8+ Rc6 80. Qxc6+ 1-0

[Event "January 9 Late 2024"]
[Site "https://www.chess.com"]
[Date "2024.01.09"]
[Round "3"]
[White "Atanejhad, Sahebali"]
[Black "Ozdemir, Serhan Berat"]
[Result "1-0"]
[Board "136"]
[TimeControl "180+1"]
[WhiteFideId "12506664"]
[BlackFideId "6374611"]
[WhiteElo "2388"]
[BlackElo "2600"]
[WhiteTeam "IRI"]
[BlackTeam "TUR"]
[WhiteClock "0:00:22"]
[BlackClock "0:00:02"]

1. d4 Nf6 2. c4 g6 3. Nc3 Bg7 4. e4 d6 5. f3 O-O 6. Be3 c5 7. dxc5 dxc5 8. Qxd8 Rxd8 9. Bxc5 Nc6 10. Rd1 Nd7 11. Ba3 b6 12. Nge2 Ba6 13. Nf4 e6 14. Nb5 Nde5 15. Be2 Rxd1+ 16. Kxd1 Rd8+ 17. Ke1 Bxb5 18. cxb5 Nd4 19. Be7 Rd7 20. Bh4 Bh6 21. Bg3 Rc7 22. Kf2 Rc2 23. Rd1 Bxf4 24. Rxd4 Bxg3+ 25. hxg3 Rxb2 26. a4 g5 27. Ke3 Rb3+ 28. Kf2 Rb2 29. Ke1 Rb1+ 30. Rd1 Rb2 31. f4 Ng6 32. f5 Ne5 33. f6 h6 34. Rd8+ Kh7 35. Ra8 Rb4 36. Rxa7 Rxe4 37. Kf2 Rb4 38. Ra6 Kg6 39. Bd1 Kxf6 40. Rxb6 Nd3+ 41. Ke3 Ne5 42. Kd2 Nc4+ 43. Kc3 Rxa4 44. Rxe6+ Kxe6 45. Bxa4 Nb6 46. Bb3+ Ke7 47. Kb4 Kd6 48. Bxf7 Kc7 49. Kc5 Nd7+ 50. Kd5 Nf6+ 51. Ke5 Nd7+ 52. Kf5 Kb6 53. Bc4 Nc5 54. Kg6 Ne4 55. g4 Nf2 56. Be2 Ne4 57. Kxh6 Kc5 58. Kg6 Ng3 59. Bf3 Nf1 60. Kxg5 Kxb5 61. Kf4 Kc5 62. g5 Kd6 63. g6 Ke7 64. Kg5 Ne3 65. Kh6 Kf8 66. g7+ Kg8 67. Be4 Kf7 68. Bg6+ Kg8 69. Bh7+ Kf7 70. g8=Q+ Ke7 71. Qg7+ 1-0

[Event "January 9 Late 2024"]
[Site "https://www.chess.com"]
[Date "2024.01.09"]
[Round "3"]
[White "Bogaudinov, Rushan"]
[Black "O`Gorman, Tom"]
[Result "1-0"]
[Board "137"]
[TimeControl "180+1"]
[WhiteFideId "4129288"]
[BlackFideId "2508249"]
[WhiteElo "2386"]
[BlackElo "2598"]
[WhiteTeam "RUS"]
[BlackTeam "IRL"]
[WhiteClock "0:00:42"]
[BlackClock "0:01:26"]

1. d4 Nf6 2. Nf3 d6 3. e3 Nc6 4. d5 Nb4 5. c4 c6 6. Nc3 e6 7. a3 Na6 8. b4 Be7 9. Bb2 O-O 10. Be2 e5 11. e4 Bg4 12. Nd2 Bxe2 13. Qxe2 Rc8 14. O-O Qd7 15. h3 Bd8 16. Rfd1 cxd5 17. exd5 Nc7 18. Nb3 b6 19. f4 Re8 20. fxe5 Rxe5 21. Qd3 Nce8 22. Nb5 Re4 23. Rac1 Qf5 24. Bxf6 Nxf6 25. Nxd6 Re1+ 26. Kh2 Rxd1 27. Qxf5 1-0

[Event "January 9 Late 2024"]
[Site "https://www.chess.com"]
[Date "2024.01.09"]
[Round "3"]
[White "Roberson, Peter T"]
[Black "Prieto Aranguren, Alain"]
[Result "1-0"]
[Board "138"]
[TimeControl "180+1"]
[WhiteFideId "412384"]
[BlackFideId "2268906"]
[WhiteElo "2592"]
[BlackElo "2381"]
[WhiteTeam "ENG"]
[BlackTeam "ESP"]
[WhiteClock "0:00:04"]
[BlackClock "0:00:07"]

1. b3 e5 2. Bb2 Nc6 3. e3 Nf6 4. Bb5 Bd6 5. Ne2 O-O 6. Ng3 Ne7 7. O-O c6 8. Be2 Bc7 9. f4 exf4 10. exf4 Ng6 11. f5 Nh4 12. Bd3 d5 13. Nc3 Be5 14. Nh5 Qd6 15. Nxf6+ Qxf6 16. Qg4 g6 17. Nxd5 cxd5 18. Bxe5 Qxe5 19. Qxh4 Bxf5 20. Rae1 Be4 21. Bxe4 dxe4 22. Qxe4 Qc5+ 23. d4 Qc3 24. d5 Rae8 25. Qxe8 Rxe8 26. Rxe8+ Kg7 27. Re2 Qd4+ 28. Ref2 f5 29. c4 b5 30. Rc1 Qe3 31. Rd1 bxc4 32. bxc4 Kf7 33. Kf1 Qc3 34. Re2 Qxc4 35. d6 Qa4 36. Rdd2 Qa5 37. d7 Qd8 38. g3 Kf6 39. Re8 1-0

[Event "January 9 Late 2024"]
[Site "https://www.chess.com"]
[Date "2024.01.09"]
[Round "3"]
[White "Zeneli, Klendi"]
[Black "Kochiev, Ivan"]
[Result "0-1"]
[Board "139"]
[TimeControl "180+1"]
[WhiteFideId "4706609"]
[BlackFideId "2917890"]
[WhiteElo "2381"]
[BlackElo "2592"]
[WhiteTeam "ALB"]
[BlackTeam "BUL"]
[WhiteClock "0:00:52"]
[BlackClock "0:00:57"]

1. e4 e5 2. Nf3 Nf6 3. Nxe5 Nc6 4. Nxc6 dxc6 5. d3 Bc5 6. Be2 h5 7. O-O Ng4 8. c3 Qh4 9. h3 Bxf2+ 10. Kh1 Qg3 11. Bxg4 hxg4 12. Rxf2 Qxf2 13. Qg1 Qe2 14. Qe3 Qf1+ 15. Kh2 gxh3 0-1

[Event "January 9 Late 2024"]
[Site "https://www.chess.com"]
[Date "2024.01.09"]
[Round "3"]
[White "Siniauski, Artsiom"]
[Black "Semenenko, Dmytry"]
[Result "1-0"]
[Board "140"]
[TimeControl "180+1"]
[WhiteFideId "13512269"]
[BlackFideId "14118645"]
[WhiteElo "2591"]
[BlackElo "2374"]
[WhiteTeam "FID"]
[BlackTeam "UKR"]
[WhiteClock "0:00:46"]
[BlackClock "0:00:08"]

1. e4 Nf6 2. e5 Nd5 3. d4 d6 4. c4 Nb6 5. exd6 cxd6 6. Nc3 g6 7. Be3 Bg7 8. Rc1 O-O 9. b3 Nc6 10. h3 e5 11. d5 Nd4 12. Nf3 Nxf3+ 13. Qxf3 f5 14. g3 f4 15. gxf4 exf4 16. Bd2 Bf5 17. Bg2 Re8+ 18. Kf1 g5 19. h4 Nd7 20. hxg5 Qxg5 21. Qxf4 Bd3+ 22. Kg1 Qg6 23. Qg5 Qf7 24. Nb5 Ne5 25. Nxd6 Nf3+ 26. Bxf3 Qxf3 27. Nxe8 Rxe8 28. Bc3 Bg6 29. Bxg7 Kxg7 30. Rh4 Re2 31. Rf4 Qd3 32. Qf6+ Kh6 33. Rh4# 1-0

[Event "January 9 Late 2024"]
[Site "https://www.chess.com"]
[Date "2024.01.09"]
[Round "3"]
[White "Filipets, Egor"]
[Black "Gao, Raymond"]
[Result "0-1"]
[Board "141"]
[TimeControl "180+1"]
[WhiteFideId "13503928"]
[BlackFideId "2629429"]
[WhiteElo "2589"]
[BlackElo "2367"]
[WhiteTeam "BLR"]
[BlackTeam "CAN"]
[WhiteClock "0:00:43"]
[BlackClock "0:00:31"]

1. c4 Na6 2. g3 g6 3. Bg2 Bg7 4. Nf3 Nh6 5. O-O c5 6. Nc3 Nf5 7. Rb1 Nb4 8. a3 Nc6 9. b4 d6 10. Bb2 O-O 11. d3 Bd7 12. b5 Ncd4 13. e3 Nxf3+ 14. Bxf3 Rb8 15. a4 h5 16. Nd5 e6 17. Bxg7 Kxg7 18. Nf4 h4 19. d4 cxd4 20. exd4 Qf6 21. c5 Nxd4 22. cxd6 Nxf3+ 23. Qxf3 e5 24. Rb4 exf4 25. Rxf4 Qxd6 26. Rxh4 Be6 27. Rd1 Qe5 28. Re4 Qf6 29. Rf4 Qe5 30. Re4 Qc5 31. Qf4 Rbd8 32. Rc1 Qf5 33. Qe3 Rc8 34. Re1 Qc5 35. Qf4 Qf5 36. Qe3 Rfd8 37. Rh4 Rh8 38. Rf4 Qc5 39. Qf3 Qc3 40. Re3 Qc1+ 41. Kg2 Bh3# 0-1

[Event "January 9 Late 2024"]
[Site "https://www.chess.com"]
[Date "2024.01.09"]
[Round "3"]
[White "Carre, Sylvain"]
[Black "Hamblok, Roel"]
[Result "0-1"]
[Board "142"]
[TimeControl "180+1"]
[WhiteFideId "642118"]
[BlackFideId "209317"]
[WhiteElo "2363"]
[BlackElo "2588"]
[WhiteTeam "FRA"]
[BlackTeam "BEL"]
[WhiteClock "0:00:11"]
[BlackClock "0:00:13"]

1. d4 Nf6 2. Bf4 c5 3. c3 g6 4. e3 Bg7 5. Nd2 O-O 6. Ngf3 d6 7. h3 Nc6 8. dxc5 dxc5 9. Nc4 Be6 10. Be2 Nd5 11. Bg3 Nxc3 12. bxc3 Bxc3+ 13. Kf1 Bxa1 14. Qxa1 Rc8 15. Nce5 c4 16. Nxc6 Rxc6 17. Be5 f6 18. Bc3 Bf7 19. g4 b5 20. g5 Bd5 21. Rg1 a5 22. Nd4 Rc5 23. e4 Bf7 24. gxf6 b4 25. fxe7 Qxe7 26. Nf5 Rxf5 27. Bh8 Rxf2+ 28. Kxf2 c3 29. Bxc3 bxc3 30. Qxc3 Qxe4 31. Bf3 Bd5 32. Rg3 Rxf3+ 33. Rxf3 Qxf3+ 34. Qxf3 Bxf3 35. Kxf3 Kf7 36. Ke4 Kf6 37. a4 g5 38. h4 gxh4 39. Kf4 Ke6 40. Kg4 Kd5 41. Kxh4 Kc4 42. Kh5 Kb4 0-1

[Event "January 9 Late 2024"]
[Site "https://www.chess.com"]
[Date "2024.01.09"]
[Round "3"]
[White "Womacka, Mathias"]
[Black "Bouget, Alexandre"]
[Result "1/2-1/2"]
[Board "143"]
[TimeControl "180+1"]
[WhiteFideId "4611390"]
[BlackFideId "681318"]
[WhiteElo "2586"]
[BlackElo "2360"]
[WhiteTeam "GER"]
[BlackTeam "FRA"]
[WhiteClock "0:00:15"]
[BlackClock "0:00:27"]

1. e4 e5 2. Nf3 Nc6 3. Bb5 a6 4. Bxc6 dxc6 5. O-O f6 6. d4 Bg4 7. c3 Bd6 8. Be3 Ne7 9. Nbd2 Ng6 10. h3 Be6 11. dxe5 fxe5 12. Ng5 Bg8 13. Qh5 Qf6 14. Nb3 O-O-O 15. Rfd1 h6 16. Nf3 Be6 17. Nc5 Bxc5 18. Bxc5 Kb8 19. Rxd8+ Rxd8 20. Be3 b6 21. a4 Bc4 22. a5 Kb7 23. Qf5 Be2 24. Qxf6 gxf6 25. Bxh6 Bxf3 26. gxf3 Nh4 27. Kf1 Rd3 28. Ke2 Rxf3 29. axb6 cxb6 30. Rd1 Kc7 31. Bg7 Rf4 32. Ke3 Rf3+ 33. Ke2 Rf4 34. Ke3 Rf3+ 35. Ke2 1/2-1/2